General information
			
			
        
        - name: BNet
 
        - type: Ladder team game (AT/RT)
 
        - host: Battle.net
 
        - saver: YeahShesAssBATS
 
        
map: SilverpineForest 
        - players: 6
 
        - length: 97:44
 
        - speed: Fast
 - version: 1.22 W3XP
 - replay type:  Public
 
» download(503 KB)
Players
        team 1 (winner) 
              
              
fineX (
red | 56 APM | 5484 actions | 97:43)
              
 7 Pandaren Brewmaster 
 3 Breath of Fire
 3 Drunken Brawler
 1 Storm Earth and Fire
 7 Keeper of the Grove 
 3 Entangling Roots
 3 Thorns Aura
 1 Force of Nature
 1 Priestess of the Moon 
 1 Trueshot Aura
 
                » actions 
                
                | Assign group hotkey | 144 |  | 
| Basic commands | 16 |  | 
| Build / train | 119 |  | 
| Enter build submenu | 44 |  | 
| Enter hero's abilities submenu | 16 |  | 
| Give item / drop item | 12 |  | 
| Remove unit from queue | 4 |  | 
| Right click | 2833 |  | 
| Select / deselect | 589 |  | 
| Select group hotkey | 1356 |  | 
| Use ability | 351 |  | 
                5484 total
 » units 
                
                | Wisp | 26 |  | 
| Chimaera | 14 |  | 
| Goblin Zeppelin | 1 |  | 
| Dragonhawk Rider | 9 |  | 
                50 total
 » upgrades
                
                | Strength of the Wild | 3 |  | 
| Reinforced Hides | 3 |  | 
| Ultravision | 1 |  | 
| Nature's Blessing | 1 |  | 
| Well Spring | 1 |  | 
| Corrosive Breath | 1 |  | 
                10 total
 » buildings
                
                | Altar of Elders | 1 |  | 
| Moon Well | 24 |  | 
| Hunter's Hall | 1 |  | 
| Ancient of Wonders | 1 |  | 
| Tree of Ages | 1 |  | 
| Tree of Life | 2 |  | 
| Ancient of Wind | 1 |  | 
| Tree of Eternity | 1 |  | 
| Chimaera Roost | 5 |  | 
| Ancient Protector | 8 |  | 
                45 total
 » build order
                00:05 Altar of Elders
00:06 Moon Well
01:38 Moon Well
04:27 Moon Well
04:39 Hunter's Hall
04:46 Ancient of Wonders
06:00 Tree of Ages
08:25 Tree of Life
08:46 Ancient of Wind
11:52 Tree of Eternity
13:43 Tree of Life
13:54 Moon Well
13:58 Moon Well
14:58 Moon Well
16:32 Chimaera Roost
16:36 Chimaera Roost
16:38 Chimaera Roost
44:15 Chimaera Roost
44:16 Chimaera Roost
46:04 Ancient Protector
47:12 Ancient Protector
47:51 Ancient Protector
48:20 Ancient Protector
48:59 Ancient Protector
50:58 Ancient Protector
51:10 Ancient Protector
51:13 Ancient Protector
52:01 Moon Well
52:56 Moon Well
54:09 Moon Well
54:10 Moon Well
54:11 Moon Well
54:12 Moon Well
54:13 Moon Well
54:14 Moon Well
87:43 Moon Well
87:45 Moon Well
87:48 Moon Well
88:06 Moon Well
89:02 Moon Well
89:04 Moon Well
89:06 Moon Well
90:00 Moon Well
90:02 Moon Well
90:06 Moon Well
» items
                
                | Boots of Speed | 2 |  | 
| Staff of Teleportation | 3 |  | 
| Scroll of Town Portal | 10 |  | 
| Helm of Valor | 3 |  | 
| Khadgar's Pipe of Insight | 1 |  | 
| Legion Doom-Horn | 1 |  | 
| Moonstone | 1 |  | 
| Orb of Lightning | 1 |  | 
| Anti-magic Potion | 1 |  | 
| Tome of Retraining | 2 |  | 
| Ancient Janggo of Endurance | 1 |  | 
| Medallion of Courage | 1 |  | 
| Khadgar's Gem of Health | 1 |  | 
| Hood of Cunning | 1 |  | 
| Claws of Attack +12 | 1 |  | 
                30 total
  
               
              
              
GOKUMaN69 (
teal | 48 APM | 4247 actions | 88:25)
              
 5 Archmage 
 2 Blizzard
 3 Brilliance Aura
 5 Mountain King 
 3 Storm Bolt
 2 Bash
 
                » actions 
                
                | Assign group hotkey | 9 |  | 
| Basic commands | 50 |  | 
| Build / train | 216 |  | 
| Enter build submenu | 132 |  | 
| Enter hero's abilities submenu | 10 |  | 
| Give item / drop item | 4 |  | 
| Remove unit from queue | 1 |  | 
| Right click | 1632 |  | 
| Select / deselect | 1316 |  | 
| Select group hotkey | 413 |  | 
| Use ability | 464 |  | 
                4247 total
 » units 
                
                | Peasant | 12 |  | 
| Dragonhawk Rider | 8 |  | 
| Mortar Team | 1 |  | 
| Priest | 3 |  | 
| Goblin Zeppelin | 1 |  | 
                25 total
 » upgrades
                
                | Masonry | 3 |  | 
| Lumber Harvesting | 2 |  | 
| Magic Sentry | 1 |  | 
| Animal War Training | 1 |  | 
| Swords | 3 |  | 
| Armor | 3 |  | 
| Flare | 1 |  | 
| Cloud | 1 |  | 
| Priest Training | 2 |  | 
                17 total
 » buildings
                
                | Altar of Kings | 1 |  | 
| Farm | 13 |  | 
| Lumber Mill | 1 |  | 
| Scout Tower | 188 |  | 
| Arcane Tower | 14 |  | 
| Guard Tower | 103 |  | 
| Keep | 1 |  | 
| Blacksmith | 1 |  | 
| Arcane Vault | 1 |  | 
| Arcane Sanctum | 1 |  | 
| Town Hall | 3 |  | 
| Gryphon Aviary | 2 |  | 
| Castle | 1 |  | 
| Barracks | 1 |  | 
| Workshop | 1 |  | 
                332 total
 » build order
                00:08 Altar of Kings
00:27 Farm
00:44 Lumber Mill
01:05 Scout Tower
01:08 Scout Tower
01:21 Scout Tower
01:22 Scout Tower
01:35 Arcane Tower
01:35 Arcane Tower
01:37 Scout Tower
01:43 Farm
01:48 Guard Tower
02:01 Scout Tower
02:05 Guard Tower
02:06 Guard Tower
02:08 Scout Tower
02:11 Scout Tower
02:36 Guard Tower
02:43 Scout Tower
02:44 Guard Tower
02:45 Scout Tower
02:53 Guard Tower
02:56 Scout Tower
03:21 Guard Tower
03:23 Scout Tower
03:24 Scout Tower
03:26 Scout Tower
03:27 Scout Tower
03:28 Scout Tower
03:29 Scout Tower
03:30 Scout Tower
03:30 Scout Tower
03:42 Guard Tower
03:52 Scout Tower
03:54 Scout Tower
03:55 Scout Tower
03:56 Scout Tower
04:00 Scout Tower
04:15 Keep
04:22 Guard Tower
04:22 Guard Tower
04:22 Guard Tower
04:37 Guard Tower
04:39 Scout Tower
04:52 Guard Tower
04:59 Guard Tower
05:02 Scout Tower
05:08 Scout Tower
05:44 Guard Tower
05:46 Scout Tower
05:47 Scout Tower
05:48 Scout Tower
05:49 Scout Tower
05:58 Scout Tower
05:59 Guard Tower
06:02 Scout Tower
06:03 Scout Tower
06:04 Scout Tower
06:05 Scout Tower
06:21 Scout Tower
06:23 Scout Tower
06:25 Scout Tower
06:26 Guard Tower
06:43 Farm
06:44 Farm
06:45 Blacksmith
06:49 Arcane Vault
06:58 Guard Tower
07:06 Guard Tower
07:06 Guard Tower
07:10 Guard Tower
07:11 Guard Tower
07:11 Guard Tower
07:32 Scout Tower
07:33 Scout Tower
07:35 Scout Tower
07:46 Arcane Tower
07:46 Arcane Tower
08:22 Guard Tower
08:24 Arcane Sanctum
08:28 Scout Tower
08:29 Scout Tower
08:32 Guard Tower
08:38 Scout Tower
08:39 Scout Tower
08:40 Scout Tower
08:42 Scout Tower
08:43 Scout Tower
08:44 Scout Tower
08:45 Scout Tower
08:46 Scout Tower
08:52 Guard Tower
08:56 Scout Tower
08:57 Scout Tower
08:59 Guard Tower
08:59 Guard Tower
09:02 Scout Tower
09:04 Guard Tower
09:06 Scout Tower
09:25 Guard Tower
09:41 Guard Tower
09:48 Guard Tower
09:51 Guard Tower
09:55 Guard Tower
10:08 Guard Tower
10:08 Guard Tower
10:09 Guard Tower
10:24 Scout Tower
10:24 Guard Tower
10:26 Scout Tower
11:06 Scout Tower
11:07 Guard Tower
11:15 Town Hall
11:47 Guard Tower
11:49 Scout Tower
11:49 Scout Tower
11:50 Scout Tower
11:52 Scout Tower
11:54 Scout Tower
11:54 Scout Tower
12:03 Gryphon Aviary
12:06 Scout Tower
12:07 Scout Tower
12:08 Scout Tower
12:08 Scout Tower
12:27 Gryphon Aviary
12:46 Guard Tower
12:49 Scout Tower
12:50 Scout Tower
12:57 Guard Tower
13:15 Guard Tower
13:20 Guard Tower
13:28 Scout Tower
13:30 Guard Tower
13:36 Scout Tower
13:37 Scout Tower
13:38 Scout Tower
13:55 Guard Tower
14:27 Town Hall
14:38 Guard Tower
14:49 Scout Tower
14:50 Scout Tower
14:51 Scout Tower
14:52 Scout Tower
14:53 Scout Tower
14:54 Scout Tower
14:55 Scout Tower
14:56 Scout Tower
14:57 Scout Tower
14:58 Scout Tower
15:00 Scout Tower
15:00 Scout Tower
15:06 Guard Tower
15:17 Castle
15:20 Barracks
15:23 Scout Tower
15:24 Scout Tower
15:24 Scout Tower
15:26 Scout Tower
16:59 Farm
17:00 Guard Tower
17:47 Scout Tower
17:48 Guard Tower
18:13 Guard Tower
18:14 Guard Tower
19:11 Guard Tower
19:46 Farm
19:49 Farm
20:29 Workshop
21:00 Farm
22:43 Scout Tower
22:45 Scout Tower
22:46 Scout Tower
22:47 Scout Tower
22:48 Scout Tower
22:49 Scout Tower
22:50 Scout Tower
22:50 Scout Tower
22:51 Scout Tower
22:53 Scout Tower
22:54 Scout Tower
22:55 Scout Tower
22:56 Scout Tower
22:57 Scout Tower
22:58 Scout Tower
22:59 Scout Tower
22:59 Scout Tower
23:00 Scout Tower
23:01 Scout Tower
23:02 Scout Tower
23:03 Scout Tower
23:04 Scout Tower
23:42 Guard Tower
23:46 Guard Tower
23:46 Guard Tower
24:20 Guard Tower
24:57 Scout Tower
24:58 Scout Tower
25:02 Scout Tower
25:34 Guard Tower
25:40 Guard Tower
25:40 Guard Tower
25:41 Guard Tower
25:41 Guard Tower
25:59 Guard Tower
26:29 Guard Tower
27:05 Guard Tower
27:29 Guard Tower
28:40 Guard Tower
29:07 Guard Tower
29:34 Guard Tower
30:02 Guard Tower
30:04 Guard Tower
30:27 Guard Tower
30:29 Scout Tower
30:30 Scout Tower
30:31 Scout Tower
31:09 Guard Tower
31:17 Guard Tower
31:17 Guard Tower
32:04 Guard Tower
32:09 Guard Tower
32:50 Guard Tower
33:46 Guard Tower
34:22 Scout Tower
34:23 Scout Tower
34:24 Scout Tower
35:06 Farm
35:07 Farm
35:08 Farm
35:10 Farm
35:12 Farm
35:28 Scout Tower
35:29 Scout Tower
35:30 Scout Tower
37:00 Guard Tower
42:27 Scout Tower
43:22 Guard Tower
43:30 Scout Tower
43:32 Scout Tower
43:36 Scout Tower
43:40 Scout Tower
43:47 Scout Tower
43:59 Guard Tower
43:59 Guard Tower
44:02 Guard Tower
44:25 Guard Tower
44:29 Town Hall
45:11 Scout Tower
46:22 Guard Tower
46:23 Scout Tower
46:24 Scout Tower
46:26 Scout Tower
46:27 Scout Tower
46:29 Scout Tower
46:30 Scout Tower
47:29 Guard Tower
47:35 Scout Tower
47:38 Scout Tower
47:40 Scout Tower
47:44 Scout Tower
47:47 Scout Tower
47:49 Scout Tower
48:01 Guard Tower
48:06 Scout Tower
48:07 Guard Tower
48:09 Guard Tower
48:12 Scout Tower
48:14 Scout Tower
48:15 Scout Tower
49:01 Guard Tower
49:04 Scout Tower
49:38 Guard Tower
49:41 Scout Tower
49:43 Scout Tower
49:45 Scout Tower
49:46 Scout Tower
49:48 Scout Tower
49:49 Scout Tower
49:51 Scout Tower
49:53 Scout Tower
49:54 Scout Tower
49:55 Scout Tower
50:00 Guard Tower
50:02 Scout Tower
50:04 Scout Tower
50:06 Scout Tower
50:07 Scout Tower
50:11 Guard Tower
50:14 Scout Tower
50:18 Scout Tower
50:19 Scout Tower
50:24 Arcane Tower
50:37 Arcane Tower
50:40 Arcane Tower
52:08 Arcane Tower
52:12 Scout Tower
52:17 Scout Tower
52:18 Scout Tower
52:38 Arcane Tower
52:46 Arcane Tower
52:48 Arcane Tower
52:53 Scout Tower
53:18 Guard Tower
53:20 Arcane Tower
61:59 Scout Tower
62:05 Scout Tower
62:08 Scout Tower
62:43 Guard Tower
62:50 Scout Tower
62:52 Scout Tower
63:37 Guard Tower
63:40 Scout Tower
63:43 Scout Tower
63:44 Scout Tower
64:29 Guard Tower
64:39 Guard Tower
64:40 Scout Tower
64:43 Scout Tower
64:49 Scout Tower
64:52 Scout Tower
65:21 Arcane Tower
71:03 Scout Tower
71:06 Scout Tower
71:12 Scout Tower
71:17 Scout Tower
71:36 Guard Tower
71:46 Guard Tower
» items
                
                | Healing Salve | 1 |  | 
| Boots of Speed | 2 |  | 
| Staff of Teleportation | 2 |  | 
| Staff of Sanctuary | 1 |  | 
| Ivory Tower | 14 |  | 
| Orb of Lightning | 2 |  | 
| Mechanical Critter | 9 |  | 
                31 total
  
               
              
              
YeahShesAssBATS (
green | 56 APM | 5518 actions | 97:44)
              
 10 Goblin Alchemist 
 3 Acid Bomb
 3 Chemical Rage
 1 Transmute
 3 Healing Spray
 2 Mountain King 
 1 Avatar
 1 Bash
 
                » actions 
                
                | Assign group hotkey | 22 |  | 
| Basic commands | 73 |  | 
| Build / train | 94 |  | 
| ESC pressed | 2 |  | 
| Enter build submenu | 260 |  | 
| Enter hero's abilities submenu | 12 |  | 
| Give item / drop item | 8 |  | 
| Right click | 3078 |  | 
| Select / deselect | 1270 |  | 
| Select group hotkey | 186 |  | 
| Use ability | 513 |  | 
                5518 total
 » units 
                
                | Peon | 21 |  | 
| Troll Batrider | 28 |  | 
| Goblin Shredder | 2 |  | 
                51 total
 » upgrades
                
                | Spiked Barricades | 3 |  | 
| Reinforced Defenses | 1 |  | 
| Liquid Fire | 1 |  | 
| Pillage | 1 |  | 
                6 total
 » buildings
                
                | Altar of Storms | 1 |  | 
| War Mill | 6 |  | 
| Orc Burrow | 4 |  | 
| Watch Tower | 232 |  | 
| Voodoo Lounge | 1 |  | 
| Great Hall | 1 |  | 
| Stronghold | 1 |  | 
| Beastiary | 2 |  | 
| Fortress | 1 |  | 
                249 total
 » build order
                00:06 Altar of Storms
00:11 War Mill
00:38 Orc Burrow
01:48 Watch Tower
02:09 Watch Tower
02:43 Watch Tower
02:59 Watch Tower
03:44 Watch Tower
03:58 Watch Tower
04:01 Orc Burrow
04:16 Watch Tower
04:33 Voodoo Lounge
04:51 Watch Tower
05:02 Watch Tower
05:45 Watch Tower
05:49 Watch Tower
06:00 Watch Tower
06:21 Watch Tower
06:46 Great Hall
07:15 Watch Tower
07:18 Watch Tower
07:43 Watch Tower
08:10 Watch Tower
08:13 Watch Tower
08:30 Watch Tower
08:49 Watch Tower
09:21 Stronghold
09:48 Watch Tower
09:54 Watch Tower
10:09 Watch Tower
10:10 Watch Tower
10:22 Watch Tower
10:47 Watch Tower
10:50 Watch Tower
11:01 War Mill
11:24 Watch Tower
11:51 Watch Tower
12:49 Watch Tower
12:52 Watch Tower
12:59 Watch Tower
13:38 Beastiary
13:52 Watch Tower
13:55 Watch Tower
13:57 Fortress
14:41 Watch Tower
14:46 Watch Tower
14:54 Watch Tower
15:01 Watch Tower
15:10 Watch Tower
15:40 Watch Tower
15:42 Watch Tower
17:11 Watch Tower
17:13 Watch Tower
17:48 Watch Tower
17:52 Watch Tower
17:53 Watch Tower
18:12 Orc Burrow
18:13 Beastiary
18:18 War Mill
18:24 Orc Burrow
19:51 Watch Tower
19:56 Watch Tower
20:07 Watch Tower
20:10 Watch Tower
20:12 Watch Tower
20:38 Watch Tower
20:43 Watch Tower
20:54 Watch Tower
20:58 Watch Tower
21:07 Watch Tower
21:10 Watch Tower
22:06 Watch Tower
22:08 Watch Tower
22:11 Watch Tower
22:15 Watch Tower
22:18 Watch Tower
22:59 Watch Tower
23:13 Watch Tower
23:21 Watch Tower
23:23 Watch Tower
24:02 Watch Tower
24:06 Watch Tower
24:16 Watch Tower
24:18 Watch Tower
26:01 Watch Tower
26:02 Watch Tower
26:46 Watch Tower
26:48 Watch Tower
26:50 War Mill
26:55 War Mill
26:57 Watch Tower
26:59 Watch Tower
27:01 Watch Tower
27:18 Watch Tower
27:21 Watch Tower
27:23 Watch Tower
27:28 Watch Tower
27:30 Watch Tower
29:18 Watch Tower
29:20 Watch Tower
29:21 Watch Tower
29:23 Watch Tower
29:25 Watch Tower
29:26 Watch Tower
29:39 War Mill
30:25 Watch Tower
30:27 Watch Tower
30:31 Watch Tower
30:32 Watch Tower
30:33 Watch Tower
31:06 Watch Tower
31:09 Watch Tower
31:18 Watch Tower
31:24 Watch Tower
31:38 Watch Tower
31:52 Watch Tower
31:54 Watch Tower
32:49 Watch Tower
32:53 Watch Tower
32:55 Watch Tower
33:14 Watch Tower
33:16 Watch Tower
34:17 Watch Tower
34:18 Watch Tower
34:20 Watch Tower
34:22 Watch Tower
34:23 Watch Tower
34:26 Watch Tower
34:31 Watch Tower
34:54 Watch Tower
34:58 Watch Tower
35:04 Watch Tower
35:06 Watch Tower
35:08 Watch Tower
35:33 Watch Tower
35:37 Watch Tower
36:54 Watch Tower
36:57 Watch Tower
37:02 Watch Tower
37:06 Watch Tower
37:31 Watch Tower
38:07 Watch Tower
38:08 Watch Tower
38:41 Watch Tower
38:43 Watch Tower
38:54 Watch Tower
39:10 Watch Tower
39:22 Watch Tower
39:24 Watch Tower
39:26 Watch Tower
39:55 Watch Tower
39:58 Watch Tower
41:17 Watch Tower
41:19 Watch Tower
41:25 Watch Tower
41:27 Watch Tower
42:21 Watch Tower
42:25 Watch Tower
42:28 Watch Tower
42:30 Watch Tower
43:17 Watch Tower
43:33 Watch Tower
43:35 Watch Tower
44:34 Watch Tower
44:38 Watch Tower
45:07 Watch Tower
47:19 Watch Tower
47:21 Watch Tower
47:23 Watch Tower
47:32 Watch Tower
47:33 Watch Tower
49:25 Watch Tower
49:27 Watch Tower
49:29 Watch Tower
49:31 Watch Tower
49:39 Watch Tower
49:41 Watch Tower
49:44 Watch Tower
50:07 Watch Tower
50:32 Watch Tower
50:33 Watch Tower
50:34 Watch Tower
51:23 Watch Tower
51:25 Watch Tower
54:04 Watch Tower
57:44 Watch Tower
57:49 Watch Tower
61:00 Watch Tower
61:01 Watch Tower
63:37 Watch Tower
63:41 Watch Tower
65:20 Watch Tower
65:21 Watch Tower
67:39 Watch Tower
67:40 Watch Tower
67:44 Watch Tower
67:45 Watch Tower
71:01 Watch Tower
71:02 Watch Tower
71:06 Watch Tower
71:08 Watch Tower
71:43 Watch Tower
71:45 Watch Tower
71:47 Watch Tower
71:49 Watch Tower
71:55 Watch Tower
71:58 Watch Tower
72:07 Watch Tower
72:23 Watch Tower
72:25 Watch Tower
73:15 Watch Tower
73:17 Watch Tower
73:19 Watch Tower
74:00 Watch Tower
74:02 Watch Tower
74:06 Watch Tower
74:17 Watch Tower
74:20 Watch Tower
74:50 Watch Tower
74:52 Watch Tower
74:55 Watch Tower
74:58 Watch Tower
75:16 Watch Tower
75:18 Watch Tower
75:19 Watch Tower
76:37 Watch Tower
76:38 Watch Tower
77:03 Watch Tower
77:04 Watch Tower
77:07 Watch Tower
77:19 Watch Tower
77:43 Watch Tower
77:45 Watch Tower
77:49 Watch Tower
78:32 Watch Tower
78:34 Watch Tower
78:37 Watch Tower
78:46 Watch Tower
78:52 Watch Tower
78:55 Watch Tower
85:48 Watch Tower
85:49 Watch Tower
85:55 Watch Tower
85:57 Watch Tower
85:58 Watch Tower
89:33 Watch Tower
89:35 Watch Tower
89:36 Watch Tower
89:40 Watch Tower
» items
                
                | Healing Salve | 6 |  | 
| Lesser Clarity Potion | 2 |  | 
| Potion of Lesser Invulnerability | 1 |  | 
| Scroll of Town Portal | 6 |  | 
| Orb of Lightning | 1 |  | 
| Potion of Healing | 1 |  | 
| Potion of Mana | 1 |  | 
| Staff of Teleportation | 1 |  | 
| Periapt of Vitality | 1 |  | 
                20 total
  
               team 2 (loser) 
              
              
DarkKnightCecil (
purple | 63 APM | 6139 actions | 97:43)
              
 5 Death Knight 
 2 Death Coil
 2 Unholy Aura
 1 Death Pact
 6 Dreadlord 
 3 Sleep
 2 Vampiric Aura
 1 Carrion Swarm
 8 Dark Ranger 
 2 Black Arrow
 3 Silence
 3 Life Drain
 
                » actions 
                
                | Assign group hotkey | 100 |  | 
| Basic commands | 83 |  | 
| Build / train | 181 |  | 
| Enter build submenu | 35 |  | 
| Enter hero's abilities submenu | 17 |  | 
| Give item / drop item | 18 |  | 
| Remove unit from queue | 3 |  | 
| Right click | 2678 |  | 
| Select / deselect | 1239 |  | 
| Select group hotkey | 1423 |  | 
| Use ability | 361 |  | 
                6139 total
 » units 
                
                | Acolyte | 24 |  | 
| Ghoul | 15 |  | 
| Goblin Sapper | 7 |  | 
| Gargoyle | 13 |  | 
| Obsidian Statue | 2 |  | 
| Meatwagon | 7 |  | 
| Abomination | 2 |  | 
| Necromancer | 6 |  | 
                76 total
 » upgrades
                
                | Unholy Strength | 3 |  | 
| Ghoul Frenzy | 1 |  | 
| Unholy Armor | 2 |  | 
| Creature Attack | 3 |  | 
| Stone Form | 1 |  | 
| Creature Carapace | 3 |  | 
| Necromancer Training | 2 |  | 
| Skeletal Longevity | 1 |  | 
| Skeletal Mastery | 1 |  | 
| Exhume Corpses | 1 |  | 
                18 total
 » buildings
                
                | Altar of Darkness | 1 |  | 
| Ziggurat | 14 |  | 
| Crypt | 2 |  | 
| Tomb of Relics | 2 |  | 
| Halls of the Dead | 2 |  | 
| Nerubian Tower | 4 |  | 
| Graveyard | 1 |  | 
| Black Citadel | 2 |  | 
| Necropolis | 3 |  | 
| Slaughterhouse | 2 |  | 
| Spirit Tower | 8 |  | 
| Temple of the Damned | 2 |  | 
                43 total
 » build order
                00:12 Altar of Darkness
00:16 Ziggurat
00:35 Crypt
00:51 Tomb of Relics
01:16 Ziggurat
02:39 Crypt
04:17 Halls of the Dead
04:23 Ziggurat
04:25 Ziggurat
04:54 Ziggurat
05:06 Nerubian Tower
05:07 Nerubian Tower
05:11 Graveyard
05:34 Ziggurat
06:38 Black Citadel
06:39 Black Citadel
15:31 Necropolis
17:08 Necropolis
17:47 Slaughterhouse
17:50 Slaughterhouse
18:58 Necropolis
20:08 Ziggurat
20:11 Ziggurat
20:17 Ziggurat
20:20 Ziggurat
21:05 Spirit Tower
21:05 Spirit Tower
21:52 Spirit Tower
21:53 Spirit Tower
22:12 Spirit Tower
22:13 Spirit Tower
22:16 Ziggurat
22:18 Ziggurat
22:39 Ziggurat
22:42 Ziggurat
23:13 Spirit Tower
23:19 Tomb of Relics
25:07 Nerubian Tower
25:08 Nerubian Tower
39:15 Temple of the Damned
39:19 Temple of the Damned
» items
                
                | Rod of Necromancy | 2 |  | 
| Boots of Speed | 3 |  | 
| Potion of Lesser Invulnerability | 2 |  | 
| Potion of Healing | 1 |  | 
| Potion of Mana | 1 |  | 
| Orb of Corruption | 3 |  | 
| Staff of Silence | 1 |  | 
| Crystal Ball | 1 |  | 
| Ring of Regeneration | 2 |  | 
| Scroll of Town Portal | 2 |  | 
| Tome of Retraining | 2 |  | 
| Khadgar's Gem of Health | 1 |  | 
| Talisman of Evasion | 1 |  | 
                22 total
  
               
              
              
Elrabin (
blue | 29 APM | 2878 actions | 97:43)
              
 8 Keeper of the Grove 
 2 Force of Nature
 3 Thorns Aura
 2 Entangling Roots
 1 Tranquility
 
                » actions 
                
                | Assign group hotkey | 43 |  | 
| Basic commands | 27 |  | 
| Build / train | 89 |  | 
| Enter build submenu | 22 |  | 
| Enter hero's abilities submenu | 7 |  | 
| Give item / drop item | 3 |  | 
| Remove unit from queue | 2 |  | 
| Right click | 1914 |  | 
| Select / deselect | 425 |  | 
| Select group hotkey | 196 |  | 
| Use ability | 150 |  | 
                2878 total
 » units 
                
                | Wisp | 22 |  | 
| Archer | 3 |  | 
| Huntress | 6 |  | 
| Faerie Dragon | 4 |  | 
| Chimaera | 5 |  | 
| Hippogryph | 19 |  | 
                59 total
 » upgrades
                
                | Strength of the Wild | 1 |  | 
| Sentinel | 1 |  | 
| Corrosive Breath | 1 |  | 
| Ultravision | 1 |  | 
                4 total
 » buildings
                
                | Altar of Elders | 1 |  | 
| Moon Well | 9 |  | 
| Ancient of War | 1 |  | 
| Hunter's Hall | 1 |  | 
| Tree of Ages | 2 |  | 
| Ancient Protector | 3 |  | 
| Ancient of Wind | 2 |  | 
| Ancient of Wonders | 1 |  | 
| Tree of Eternity | 1 |  | 
| Chimaera Roost | 4 |  | 
| Tree of Life | 2 |  | 
                27 total
 » build order
                00:05 Altar of Elders
00:09 Moon Well
00:12 Ancient of War
01:50 Moon Well
02:58 Hunter's Hall
04:05 Tree of Ages
04:05 Tree of Ages
04:37 Ancient Protector
05:04 Ancient Protector
06:27 Moon Well
07:41 Ancient of Wind
07:52 Moon Well
07:52 Moon Well
08:29 Ancient of Wonders
08:34 Ancient Protector
08:38 Moon Well
09:02 Moon Well
09:06 Tree of Eternity
12:04 Chimaera Roost
12:07 Chimaera Roost
13:35 Tree of Life
14:24 Chimaera Roost
14:28 Chimaera Roost
16:29 Moon Well
16:31 Moon Well
18:26 Ancient of Wind
37:00 Tree of Life
» items
                
                | Tome of Retraining | 1 |  | 
| Scroll of Healing | 2 |  | 
| Scroll of Town Portal | 3 |  | 
| Orb of Corruption | 1 |  | 
                7 total
  
               
              
              
» 
EmperorLarsa (
yellow | 35 APM | 3417 actions | 97:43)
              
 8 Death Knight 
 3 Death Coil
 3 Unholy Aura
 1 Animate Dead
 1 Death Pact
 
                » actions 
                
                | Assign group hotkey | 45 |  | 
| Basic commands | 46 |  | 
| Build / train | 98 |  | 
| Enter build submenu | 23 |  | 
| Enter hero's abilities submenu | 8 |  | 
| Give item / drop item | 8 |  | 
| Remove unit from queue | 11 |  | 
| Right click | 2386 |  | 
| Select / deselect | 518 |  | 
| Select group hotkey | 124 |  | 
| Use ability | 150 |  | 
                3417 total
 » units 
                
                | Acolyte | 6 |  | 
| Ghoul | 6 |  | 
| Crypt Fiend | 19 |  | 
| Frost Wyrm | 8 |  | 
| Meatwagon | 4 |  | 
| Gargoyle | 3 |  | 
| Goblin Zeppelin | 1 |  | 
                47 total
 » upgrades
                
                | Creature Attack | 3 |  | 
| Web | 1 |  | 
| Freezing Breath | 1 |  | 
| Disease Cloud | 1 |  | 
| Exhume Corpses | 1 |  | 
| Creature Carapace | 2 |  | 
                9 total
 » buildings
                
                | Altar of Darkness | 1 |  | 
| Ziggurat | 13 |  | 
| Crypt | 3 |  | 
| Graveyard | 1 |  | 
| Spirit Tower | 8 |  | 
| Halls of the Dead | 2 |  | 
| Tomb of Relics | 1 |  | 
| Black Citadel | 1 |  | 
| Sacrificial Pit | 1 |  | 
| Boneyard | 2 |  | 
| Slaughterhouse | 1 |  | 
                34 total
 » build order
                00:06 Altar of Darkness
00:09 Ziggurat
00:14 Crypt
01:06 Graveyard
02:09 Ziggurat
02:41 Spirit Tower
03:28 Spirit Tower
03:29 Halls of the Dead
04:48 Tomb of Relics
04:50 Ziggurat
05:55 Black Citadel
06:49 Sacrificial Pit
08:48 Boneyard
08:51 Boneyard
08:56 Ziggurat
08:57 Ziggurat
08:57 Ziggurat
09:01 Spirit Tower
11:23 Spirit Tower
13:11 Ziggurat
13:14 Ziggurat
14:44 Slaughterhouse
19:18 Spirit Tower
27:29 Ziggurat
27:29 Ziggurat
28:33 Ziggurat
28:37 Ziggurat
30:04 Spirit Tower
30:06 Spirit Tower
30:15 Ziggurat
67:53 Crypt
67:55 Crypt
72:38 Spirit Tower
» items
                
                | Staff of Teleportation | 1 |  | 
| Boots of Speed | 1 |  | 
| Scroll of Town Portal | 2 |  | 
| Sentry Wards | 1 |  | 
| Khadgar's Gem of Health | 1 |  | 
| Potion of Greater Healing | 1 |  | 
| Potion of Healing | 1 |  | 
| Potion of Invisibility | 2 |  | 
| Potion of Lesser Invulnerability | 1 |  | 
                11 total
  
                Chat log
          (00:21 / All) fineX: i like final fantasy games
(00:27 / All) fineX: i love anime too ^_^
(00:29 / All) YeahShesAssBATS: fuck u eat cock
(00:32 / All) fineX: wow
(00:33 / All) fineX: ur rude
(01:31 / All) fineX: ive noticed "elrabin" dosnt fit your naming scheme wats up with that
(01:50 / All) EmperorLarsa: he has annother with an FF name
(01:54 / All) YeahShesAssBATS: fuck u
(04:06 / All) YeahShesAssBATS: Fuck ur mom purp
(14:43 / All) fineX: sappers are cool i guess
(16:45 / All) YeahShesAssBATS: rofl
(23:28 / All) YeahShesAssBATS: a shredder gives 200 lumber upon return
(23:38 / All) fineX: what if u make it return early
(23:39 / All) fineX: owned
(30:42 / All) YeahShesAssBATS: my towers
(30:45 / All) YeahShesAssBATS: block ouit the sun
(30:54 / All) EmperorLarsa: its night, so that isn;t hrd
(31:02 / All) YeahShesAssBATS: no its about to be morning
(31:09 / All) fineX: at night the curvature of the earth blocks out the sun you dolt
(31:20 / All) YeahShesAssBATS: Aka my towers
(31:25 / All) EmperorLarsa: exactly, so the towers really just add more redundant light blocking earth
(31:28 / All) fineX: they block out the sun
(32:05 / All) YeahShesAssBATS: yo im isengard
(32:08 / All) YeahShesAssBATS: what lotr nation r u
(32:17 / All) fineX: im the eastern men
(36:20 / All) fineX: almost bro
(36:21 / All) fineX: almost
(36:27 / All) EmperorLarsa: got me a level, so thanks
(38:24 / All) YeahShesAssBATS: lol
(40:54 / All) YeahShesAssBATS: sup
(42:15 / All) fineX: miners?
(43:00 / All) fineX: U guys Miners IRL?
(44:18 / All) YeahShesAssBATS: yo scout
(44:20 / All) YeahShesAssBATS: us
(44:38 / All) fineX: cool thing about nelf base is u can just pack up n go
(44:44 / All) fineX: specially if someone tunneling into the back of ur base
(45:17 / All) YeahShesAssBATS: Lol
(47:47 / All) YeahShesAssBATS: noice
(48:30 / All) YeahShesAssBATS: lmao
(48:51 / All) fineX: you guys know there's no tree there right
(49:01 / All) EmperorLarsa: and?
(49:15 / All) fineX: final fantasy has rotted your minds
(49:18 / All) fineX: video games are bad for you
(51:27 / All) fineX: i hear u guys like sappers?
(51:50 / All) fineX: oh cool you killed a tower
(52:43 / All) YeahShesAssBATS: my base is like the fourth wall of gondor
(53:06 / All) fineX: my base is like the gate at the entrance of mordor
(53:58 / All) fineX: hey guess what
(54:02 / All) fineX: sappers arent ogod against towers
(54:04 / All) fineX: ( try siege )
(54:13 / All) EmperorLarsa: five of us in this game know that
(54:16 / All) DarkKnightCecil: You'd like that wouldnt you
(54:23 / All) fineX: yes
(54:29 / All) fineX: i would like you to stop buying useless units
(55:32 / All) fineX: if u guys need some gold i can lend some
(55:42 / All) EmperorLarsa: i have several thousands so I'm good
(55:46 / All) fineX: oh
(55:46 / All) fineX: k
(55:48 / All) fineX: i only have 22k
(55:50 / All) GOKUMaN69: how much?
(55:51 / All) EmperorLarsa: thanks for offering
(55:55 / All) Elrabin: me too
(56:20 / All) fineX: yo that shit doesnt work either
(56:46 / All) fineX: yo try that with aboms
(56:48 / All) fineX: it might work then
(57:21 / Allies) YeahShesAssBATS: man 
(57:23 / Allies) YeahShesAssBATS: i need a loan
(57:59 / All) fineX: they see me rollin
(58:03 / All) fineX: they hatin
(58:06 / All) fineX: patrollin
(58:10 / All) fineX: tryin 2 catch me rydin dirty
(58:17 / All) fineX: tryin catch me rydin dirty
(58:23 / All) fineX: tryin catch me rydin dirty
(58:40 / All) fineX: hey everyone!
(59:08 / All) fineX: your favorite two headed dragon!
(63:07 / All) fineX: yo y u quit trying 2 kill my base
(63:50 / All) fineX: yo try thats hit with aboms
(63:52 / All) fineX: instead of ghouls
(63:57 / All) fineX: nmiught work better
(64:39 / All) fineX: yo use ur several k to make units plz
(66:01 / All) YeahShesAssBATS: lol
(67:12 / All) YeahShesAssBATS: so
(67:17 / All) YeahShesAssBATS: how u guysdoin
(67:24 / All) YeahShesAssBATS: no gold
(67:25 / All) YeahShesAssBATS: no units
(67:30 / All) YeahShesAssBATS: Sup
(67:38 / All) fineX: yo use ur several k
(67:42 / All) fineX: PLZ
(67:50 / All) fineX: or do u not have it
(67:54 / All) fineX: video games make you into liars
(68:10 / All) EmperorLarsa: actually its more a matter of production buildings
(68:26 / All) fineX: WELL U GOT EM
(68:38 / All) fineX: so use em
(68:46 / All) fineX: how is undead feed a good strat ?
(70:43 / All) Elrabin: no tp this time?
(70:44 / All) EmperorLarsa: i found some units
(70:53 / All) EmperorLarsa: maybe I had that gold after all
(71:27 / All) fineX: yo y u campin
(71:36 / All) EmperorLarsa: feels like a good plan for now
(71:51 / All) fineX: emperor campin his base
(71:53 / All) fineX: what a disgrace
(72:02 / All) fineX: people gonna mutiny when they see u cowerin
(72:04 / All) EmperorLarsa: My empire is in decline as it were
(72:21 / All) fineX: CUZ u a noob
(76:54 / All) fineX: Y U campin
(76:59 / All) fineX: Leave
(77:03 / All) GOKUMaN69: FUCK CAMPERs
(77:03 / All) EmperorLarsa: you leave
(77:08 / All) fineX: ytou leave
(77:14 / All) YeahShesAssBATS: rofl
(77:15 / All) GOKUMaN69: toot
(78:37 / All) DarkKnightCecil: Afk a few hours
(78:43 / All) fineX: me too
(81:29 / All) YeahShesAssBATS: thanx 4 gold
(83:42 / All) fineX: so dudes
(83:55 / All) YeahShesAssBATS: made 20k off of blue's base
(84:16 / All) fineX: hes pillaging your beautfiul night elf wisps
(84:51 / All) fineX: YOUR NOT AFK AT ALL!
(85:20 / All) fineX: non afk liars!
(85:48 / All) fineX: undead gauyest noob race
(86:32 / All) fineX: yo me and green
(86:34 / All) fineX: we into pissplay
(86:55 / All) fineX: he piss on mei find it joy
(87:20 / All) fineX: YOU GUYS AREN'T AFK AT ALL
(87:23 / All) fineX: LYING FAGGOTS
(87:26 / All) fineX: for that you die
(88:25 / All) fineX: D
(90:09 / All) fineX: keep killing us guys
(90:11 / All) fineX: that was a good start
(91:08 / All) fineX: big ol noobs in this game
(91:09 / All) fineX: leave
(91:33 / All) fineX: yo blue u lied
(91:35 / All) fineX: ur not afk at all
(91:38 / All) fineX: jerk
(92:12 / All) fineX: uh oh
(94:13 / All) fineX: grats you killed almost 3 chims!
(94:29 / All) fineX: LIARS
(94:31 / All) fineX: YOU LIED TO ME
(94:54 / All) fineX: for that u die
(95:49 / All) fineX: that invis pot will save ur base!
(95:59 / All) fineX: g_G SCRUB
(95:59 / All) EmperorLarsa: nothing will save my base
(96:12 / All) EmperorLarsa: invis will save the hero
(96:13 / All) fineX: thats what u get for playin nub race w/ nub strat w/ nub lies
(97:18 / All) EmperorLarsa: a
(97:26 / All) fineX: instead of sitting in base all game next time maybe u should kil lthings
(97:34 / All) fineX: idk seems to work for us